 Dungeon Crawl Stone Soup version 0.29-a0-414-g5075937ec3 (webtiles) character file.

Game seed: 13125552629098850553

33 purpskrrrp the Skirmisher (level 3, -10/34 HPs)
             Began as a Naga Fighter on May 16, 2022.
             Mangled by a goblin
             ... wielding a +0 dagger of electrocution
              (20 damage)
             ... on level 2 of the Dungeon.
             The game lasted 00:05:08 (1505 turns).

purpskrrrp the Skirmisher (Naga Fighter)            Turns: 1505, Time: 00:05:10

Health: -10/34     AC:  4    Str: 20    XL:     3   Next: 29%
Magic:  3/3        EV:  7    Int:  8    God:
Gold:   31         SH:  4    Dex: 10    Spells: 2/2 levels left

rFire   . . .      SeeInvis +   a - +0 trident
rCold   . . .      Faith    .   c - +0 buckler
rNeg    . . .      Spirit   .   b - +0 scale mail
rPois   +          Reflect  .   (no helmet)
rElec   .          Harm     .   (no cloak)
rCorr   .          Rampage  .   (no gloves)
Will    .....                   (no barding)
Stlth   ..........              (no amulet)
HPRegen 0.11/turn               (no ring)
MPRegen 0.08/turn               (no ring)

@: very slow
A: AC +1, large, see invisible, deformed body, poison resistance, slowness 2,
spit poison 1, naga tail 1
a: Spit Poison


You were on level 2 of the Dungeon.
You visited 1 branch of the dungeon, and saw 2 of its levels.

You collected 31 gold pieces.

Inventory:

Hand Weapons
 a - a +0 trident (weapon)
Armour
 b - a +0 scale mail (worn)
 c - a +0 buckler (worn)
Potions
 d - a potion of might
 e - a potion of attraction


   Skills:
 + Level 3.3 Fighting
 + Level 2.1 Polearms
 + Level 2.6 Armour
 + Level 0.1 Dodging
 + Level 3.2 Shields


You had 2 spell levels left.
You didn't know any spells.
Your spell library was empty.

Dungeon Overview and Level Annotations

Branches:
Dungeon (1/15)

Altars:


Innate Abilities, Weirdness & Mutations

Your serpentine skin is tough. (AC +1)
You have supernaturally acute eyesight. (SInv)
Armour fits poorly on your strangely shaped body.
Your system is resistant to poisons. (rPois)
You cover ground very slowly.
You can spit poison.
You have a snake-like lower body.


Message History

You enter the shallow water.
Moving in this stuff is going to be slow.
You enter the shallow water.
Moving in this stuff is going to be slow.
You enter the shallow water.
Moving in this stuff is going to be slow.
You enter the shallow water.
Moving in this stuff is going to be slow.
You enter the shallow water.
Moving in this stuff is going to be slow.
Partly explored, can't reach some places.
Partly explored, can't reach some places.
As you read the scroll labelled TAPAEXTURE, it crumbles to dust.
The air around you briefly surges with heat, but it dissipates.
It was a scroll of immolation.
Partly explored, can't reach some places.
You enter the shallow water.
Moving in this stuff is going to be slow.
There is a shaft here.
You fall into a shaft and drop 1 floor!
The shaft crumbles and collapses.
Found a spear and a blue potion. 2 goblins come into view.
A goblin is wielding a +0 dagger of electrocution.
The goblin shouts!
The goblin hits you with a +0 dagger of electrocution.
You are electrocuted!!
Ouch! That really hurt!
You see here a +0 spear.
You closely miss the goblin. The goblin barely misses you.
You miss the goblin. The goblin closely misses you.
You barely miss the goblin.
The goblin hits you with a +0 dagger of electrocution.
You hit the goblin.
The goblin is severely wounded.
The goblin hits you with a +0 dagger of electrocution.
* * * LOW HITPOINT WARNING * * *
You are electrocuted!!
Ouch! That really hurt!
You die...

#########
........######.
........#......
#####....#
#......#.#
#.##.###....#
#....gg@.####
#.##.###.# !.#
###


You could see 2 goblins.

Vanquished Creatures
  A bat (D:1)
  An endoplasm (D:1)
  7 goblins (D:1)
  5 hobgoblins (D:1)
  2 quokkas (D:1)
  3 ball pythons (D:1)
  2 frilled lizards (D:1)
  5 kobolds (D:1)
  4 rats (D:1)
30 creatures vanquished.

Notes
Turn   | Place    | Note
-------+----------+-------------------------------------------
     0 | D:1      | purpskrrrp the Naga Fighter began the quest for the Orb.
     0 | D:1      | Reached XP level 1. HP: 21/21 MP: 1/1
   252 | D:1      | Reached XP level 2. HP: 28/28 MP: 2/2
   400 | D:1      | HP: 1/28 [quokka (4)]
   851 | D:1      | Reached XP level 3. HP: 34/34 MP: 3/3
  1498 | D:1      | You fall into a shaft and drop 1 floor!
  1505 | D:2      | Mangled by a goblin

Illustrated notes

Levels and vault maps discovered:
D:1:      dpeg_arrival_water_temple_mockup, layout_basic, serial_rivers,
          chequers_serial_rivers_large_a, chequers_serial_rivers_micro_a,
          chequers_serial_rivers_room_b, chequers_serial_rivers_micro_e,
          chequers_serial_rivers_small_3
D:2:      minmay_skewed_foursquare, layout_loops_corners,
          basic_ecumenical_altar, nicolae_elevator_lobby_plus, uniq_natasha,
          uniq_sigmund, uniq_robin

Skill      XL: |  1 |
---------------+----+-----
Shields        | 3 |  3.2
Fighting       | |  3.3
Polearms       | |  2.1
Armour         | |  2.6
Dodging        | |  0.1

Action                   || total
-------------------------++-------
Melee: Trident           ||   114
 Abil: Spit Poison       ||     3
  Use: Scroll            ||     2
Armor: Scale mail        ||    55
Dodge: Dodged            ||    48
Block: Buckler           ||    21

Table legend: (Time is in decaauts)
 A = Elapsed time spent in this place.
 B = Non-inter-level travel time spent in this place.
 C = Inter-level travel time spent in this place.
 D = Time resting spent in this place.
 E = Time spent auto-exploring this place.
 F = Levels seen in this place.
 G = Mean time per level.
                   A        B        C        D        E       F      G
               +--------+--------+--------+--------+--------+-----+--------+
         Total |   1861 |   1730 |    131 |    451 |    976 |   2 |  930.5 |
       Dungeon |   1861 |   1730 |    131 |    451 |    976 |   2 |  930.5 |
               +--------+--------+--------+--------+--------+-----+--------+

Top non-repeatable levels by time:
     D:1: 1853 daAuts
     D:2: 8 daAuts
